 Dungeon Crawl Stone Soup version 0.30-a0-310-g7d6cbdf (webtiles) character file.

Game seed: 6012542992714274709

53857 Sixotanaka the Fencer (level 14, 0/115 HPs)
             Began as a Barachi Fighter on Oct 24, 2022.
             Was a High Priest of Cheibriados.
             Slain by a dire elephant simulacrum (14 damage)
             ... in an ice cave.
             The game lasted 00:46:18 (17793 turns).

Sixotanaka the Fencer (Barachi Fighter)            Turns: 17793, Time: 00:46:20

Health: 0/115      AC: 21    Str: 34    XL:     14   Next: 70%
Magic:  20/20      EV:  7    Int: 22    God:    Cheibriados [*****.]
Gold:   872        SH: 13    Dex: 26    Spells: 11/13 levels left

rFire   . . .      SeeInvis .    H - +3 rapier (elec)
rCold   + . .      Faith    .    Y - +0 kite shield
rNeg    . . .      Spirit   .    c - +0 plate armour
rPois   .          Reflect  .    G - +2 hat
rElec   .          Harm     .    a - scarf {repulsion}
rCorr   .          Rampage  .    A - +0 pair of gloves
Will    +....                    X - +1 pair of boots {Stlth+}
Stlth   ..........               F - amulet of regeneration
HPRegen 1.19/turn                b - ring of protection from cold
MPRegen 0.17/turn                C - +4 ring of slaying

@: repel missiles, very slow
A: amphibious, slowness 1, strong legs 2, +LOS
a: Hop, Renounce Religion, Bend Time, Temporal Distortion, Slouch, Step From
Time


You were in an ice cave.
You worshipped Cheibriados.
Cheibriados was extremely pleased with you.
You visited 3 branches of the dungeon, and saw 19 of its levels.
You also visited: Ossuary and Ice Cave.

You collected 1248 gold pieces.
You spent 376 gold pieces at shops.

Inventory:

Hand Weapons
 g - a +4 great sword of holy wrath
 H - a +3 rapier of electrocution (weapon)
 U - a +6 scimitar of freezing
Missiles
 R - 7 throwing nets
Armour
 a - a scarf of repulsion (worn)
 c - a +0 plate armour (worn)
 A - a +0 pair of gloves (worn)
 G - a +2 hat (worn)
 X - a +1 pair of boots of stealth (worn)
 Y - a +0 kite shield (worn)
Jewellery
 b - a ring of protection from cold (left hand)
 f - a ring of protection from fire
 x - a ring of flight
 y - a ring of fire
 C - a +4 ring of slaying (right hand)
 D - a +6 ring of intelligence
 F - an amulet of regeneration (around neck)
 K - a +4 ring of protection
 T - a ring of positive energy
Wands
 d - a wand of paralysis (17)
 n - a wand of polymorph (6)
 I - a wand of iceblast (24)
 L - a wand of flame (27)
 Z - a wand of mindburst (7)
Scrolls
 h - 4 scrolls of teleportation
 k - 4 scrolls of amnesia
 l - 4 scrolls of enchant armour
 m - 5 scrolls of immolation
 u - 6 scrolls of poison
 v - 4 scrolls of fog
 B - 2 scrolls of silence
 E - 4 scrolls of summoning
 N - 4 scrolls of blinking
 O - a scroll of brand weapon
 S - 5 scrolls of fear
Potions
 e - 3 potions of curing
 i - 5 potions of haste {unknown}
 j - a potion of cancellation {unknown}
 o - a potion of magic {unknown}
 p - 6 potions of brilliance {unknown}
 s - 5 potions of lignification
 t - 3 potions of ambrosia {unknown}
 w - 6 potions of mutation
 z - 5 potions of heal wounds {unknown}
 J - a potion of invisibility {unknown}
 M - 6 potions of flight
 Q - 2 potions of attraction {unknown}
 V - a potion of might
 W - 3 potions of berserk rage {unknown}


   Skills:
 - Level 12.0 Fighting
 + Level 3.6(12.4) Short Blades
 - Level 19.6(19.8) Long Blades
 + Level 11.7 Armour
 + Level 8.6 Shields
 + Level 2.0 Translocations
 - Level 8.0 Invocations
 - Level 8.0 Evocations


You had 11 spell levels left.
You knew the following spells:

 Your Spells              Type           Power      Damage    Failure   Level
a - Blink                 Tloc           16%        N/A       82%         2

Your spell library contained the following spells:

 Spells                   Type           Power      Damage    Failure   Level
 Freeze                   Ice            0%         1d3       91%         1
 Necrotise                Necr           0%         1d4       91%         1
 Momentum Strike          Conj/Tloc      8%         3d8       91%         2
 Lesser Beckoning         Tloc           16%        N/A       96%         3
 Portal Projectile        Hex/Tloc       8%         N/A       99%         3
 Call Canine Familiar     Summ           0%         N/A       100%        3
 Frozen Ramparts          Ice            0%         1d1       100%        3
 Hailstorm                Conj/Ice       0%         3d3       100%        3
 Vampiric Draining        Necr           0%         2d6       100%        3
 Animate Dead             Necr           0%         N/A       100%        4
 Leda's Liquefaction      Hex/Erth       0%         N/A       100%        4
 Agony                    Necr           0%         N/A       100%        5
 Haunt                    Necr/Summ      0%         N/A       100%        7
 Infestation              Necr           0%         N/A       100%        8
 Chain Lightning          Conj/Air       0%         N/A       100%        9
 Fire Storm               Conj/Fire      0%         5d1       100%        9
 Shatter                  Erth           0%         3d5*      100%        9


Dungeon Overview and Level Annotations

Branches:
Dungeon (13/15)            Temple (1/1) D:5            Lair (5/5) D:9
  Swamp (0/4) Lair:3        Snake (0/4) Lair:2        Slime (0/5) Lair:4
    Orc (0/2) D:9         Ossuary (visited)           IceCv (1/1)
 Vaults: D:13-14

Altars:
Cheibriados
Elyvilon
Gozag
Kikubaaqudgha
Makhleb
Okawaru
Ru
Sif Muna
Trog
Uskayaw
Vehumet
Wu Jian
Jiyva

Shops:
D:3 (   D:8 *   D:12 *

Annotations:
D:4 3 runed translucent doors, Caerwyn's ghost, amateur GrEE; Dega's ghost, weakling SpHu; alcopop's ghost, novice DrRe; bobfrom10's ghost, amateur DESu
D:6 Grinder
D:10 2 transporters, exclusion: obsidian statue
Lair:1 exclusion: oklob plant


Innate Abilities, Weirdness & Mutations

You are amphibious.
You cover ground slowly.
You can hop long distances.
You have an extended range of vision and can be seen from far away.


Message History

The three-headed hydra simulacrum freezes you!
You resist.
The three-headed hydra simulacrum closely misses you.
You block the three-headed hydra simulacrum's attack.
The dire elephant simulacrum tramples you but does no damage.
The dire elephant simulacrum trunk-slaps you.
The dire elephant simulacrum freezes you!!
You resist.
You hit the dire elephant simulacrum but do no damage.
The dire elephant simulacrum is severely damaged.
You block the three-headed hydra simulacrum's attack.
The three-headed hydra simulacrum bites you but does no damage. x2
The dire elephant simulacrum barely misses you. x2
Unknown command.
You puncture the three-headed hydra simulacrum!
Lightning courses through the three-headed hydra simulacrum!!
The three-headed hydra simulacrum is severely damaged.
Unknown command.
You hit the three-headed hydra simulacrum but do no damage.
The three-headed hydra simulacrum is severely damaged.
You block the three-headed hydra simulacrum's attack.
The three-headed hydra simulacrum bites you.
The three-headed hydra simulacrum freezes you!
You resist.
The three-headed hydra simulacrum barely misses you.
You block the dire elephant simulacrum's attack. x2
You puncture the three-headed hydra simulacrum!
The three-headed hydra simulacrum vaporises!
Cheibriados appreciates the change of pace.
Unknown command.
You puncture the dire elephant simulacrum!
The dire elephant simulacrum is almost destroyed.
The dire elephant simulacrum tramples you!!
* * * LOW HITPOINT WARNING * * *
You hold your ground!
The dire elephant simulacrum trunk-slaps you.
* * * LOW HITPOINT WARNING * * *
The dire elephant simulacrum freezes you!
You resist.
You die...

#~#....####. #.
#####~##.#.#.#.# ##[
#~~#~#####...#.###..
##~~# ##....##..# #
#~~## # ###..###.#
#$ ##~≈# ☼##
##...#.. #[⌠
#~§~#°§.## ##..#..
#$..#○#~°.○☼§#
##...# #..Z@#.§☼§..
##.## #..#.##§§§°#
### ##.#..#§.☼○.#
..##.#.....# #.# .#
...## ## ## .##


You could see a dire elephant simulacrum.

Vanquished Creatures
  Jorgrun (D:12)
  Gastronok (D:8)
  Snorg (D:13)
  An ettin (D:11)
  4 hydras
  A catoblepas (Lair:1)
  2 two-headed ogres
  An ogre mage (D:11)
  A tengu warrior (D:11)
  A deep troll earth mage (D:11)
  7 death yaks (Lair:5)
  A deep elf pyromancer (D:11)
  2 cyclopes
  A manticore (D:12)
  Maurice (D:8)
  A torpor snail (Lair:1)
  An ice statue (IceCv)
  3 gargoyles (D:12)
  6 black mambas
  6 cane toads
  3 rime drakes (Lair:3)
  Psyche (D:9)
  6 komodo dragons
  An anaconda simulacrum (IceCv)
  5 polar bears
  A hornet (shapeshifter) (D:13)
  5 trolls
  8 hornets
  3 slime creatures (D:12)
  19 blink frogs
  4 dream sheep (Lair:1)
  41 yaks
  13 spriggans (Lair:5)
  3 wyverns
  A shadow (D:10)
  3 basilisks
  3 vampire mosquitoes (Lair:3)
  Grum (D:8)
  2 nagas (Lair:2)
  2 acid dragons
  25 water moccasins
  A hydra simulacrum (IceCv)
  A sky beast (D:7)
  5 black bears
  7 orc warriors
  5 boggarts
  31 wolves
  2 centaurs
  3 kobold brigands (D:9)
  14 bullfrogs
  A necrophage (D:8)
  A scorpion (D:7)
  2 two-headed ogre simulacra (IceCv)
  A gnoll sergeant (D:10)
  15 wights
  12 killer bees
  A troll zombie (Ossuary)
  2 electric eels (D:9)
  7 howler monkeys
  2 centaur zombies (Ossuary)
  A human zombie (Ossuary)
  2 jellies
  A gnoll bouda (D:8)
  4 hounds
  6 orc priests
  Terence (D:2)
  2 iguanas (D:5)
  8 orc wizards
  5 troll simulacra (IceCv)
  A spriggan simulacrum (IceCv)
  2 ogre zombies (Ossuary)
  Robin (D:3)
  8 mummies
  14 gnolls
  7 adders
  2 naga simulacra (IceCv)
  A shadow imp (D:6)
  4 white imps
  An ufetubus (D:4)
  2 adder zombies (Ossuary)
  3 worms
  3 dart slugs
  41 orcs
  10 bats
  11 endoplasms
  3 giant cockroaches
  11 goblins
  12 hobgoblins
  18 kobolds
  2 quokkas
  4 ball pythons
  2 frilled lizards
  3 goblin zombies (Ossuary)
  7 hobgoblin zombies
  4 kobold zombies
  2 quokka zombies (Ossuary)
  3 rats
  8 rat zombies (Ossuary)
526 creatures vanquished.

Vanquished Creatures (others)
  16 fungi
  39 plants
  2 withered plants (D:4)
57 creatures vanquished.

Grand Total: 583 creatures vanquished

Notes
Turn   | Place    | Note
-------+----------+-------------------------------------------
     0 | D:1      | Sixotanaka the Barachi Fighter began the quest for the Orb.
     0 | D:1      | Reached XP level 1. HP: 18/18 MP: 1/1
   136 | D:1      | Found a faded altar of an unknown god.
   146 | D:1      | Reached skill level 3 in Long Blades
   161 | D:1      | Reached XP level 2. HP: 23/24 MP: 2/2
   463 | D:1      | Reached skill level 4 in Long Blades
   475 | D:1      | Reached XP level 3. HP: 29/29 MP: 3/3
   754 | D:2      | Identified the +5 ring mail "Poreer" {Rampage Str+2 Int+4}
   808 | D:2      | Noticed Terence
   829 | D:2      | Killed Terence
   830 | D:2      | Reached skill level 5 in Long Blades
   830 | D:2      | Reached XP level 4. HP: 5/36 MP: 4/4
  1639 | D:3      | Noticed Robin
  1649 | D:3      | Killed Robin
  1650 | D:3      | Reached skill level 6 in Long Blades
  1654 | D:3      | Reached XP level 5. HP: 40/41 MP: 5/5
  1811 | D:3      | Found Xilog's Weapon Boutique.
  2298 | D:3      | Reached skill level 7 in Long Blades
  2495 | D:3      | Reached XP level 6. HP: 35/47 MP: 6/6
  2974 | D:4      | Reached skill level 8 in Long Blades
  3111 | D:4      | Found a runed translucent gate.
  3111 | D:4      | Found a runed translucent gate.
  3111 | D:4      | Found a runed translucent gate.
  3112 | D:4      | Noticed alcopop's ghost (novice DrRe)
  3112 | D:4      | Noticed bobfrom10's ghost (amateur DESu)
  3113 | D:4      | Noticed Dega's ghost (weakling SpHu)
  3113 | D:4      | Noticed Caerwyn's ghost (amateur GrEE)
  3440 | D:5      | Entered Level 5 of the Dungeon
  3512 | D:5      | Identified the +6 spear "Ogre's Curse" {venom, rC+ rCorr
                  | Int-5}
  3556 | D:5      | Found a staircase to the Ecumenical Temple.
  3619 | D:5      | Reached XP level 7. HP: 52/52 MP: 7/7
  3627 | Temple   | Entered the Ecumenical Temple
  3673 | Temple   | Became a worshipper of Cheibriados the Contemplative
  3735 | D:5      | Found a bloodstained altar of Trog.
  3737 | D:5      | Found a hide-covered altar of Uskayaw.
  3744 | D:5      | Reached skill level 9 in Long Blades
  4031 | D:5      | Found a sacrificial altar of Ru.
  4341 | D:6      | Noticed Grinder
  4343 | D:6      | Paralysed by Grinder for 5 turns
  4353 | D:5      | Reached skill level 10 in Long Blades
  4538 | D:5      | Reached XP level 8. HP: 18/59 MP: 8/8
  4592 | D:5      | Reached * piety under Cheibriados
  4708 | D:6      | Reached skill level 11 in Long Blades
  4716 | D:6      | Found an ancient bone altar of Kikubaaqudgha.
  5030 | D:6      | Found an opulent altar of Gozag.
  5513 | D:7      | Reached skill level 12 in Long Blades
  5576 | D:7      | Found an ornate altar of the Wu Jian Council.
  5760 | D:7      | Reached skill level 13 in Long Blades
  5861 | D:8      | Noticed a yak
  5862 | D:8      | Noticed a yak
  5863 | D:8      | Noticed a yak
  5867 | D:8      | Noticed a yak
  5889 | D:7      | Killed a yak
  5890 | D:7      | Reached XP level 9. HP: 64/64 MP: 9/9
  5916 | D:7      | Reached skill level 14 in Long Blades
  5954 | D:7      | Reached ** piety under Cheibriados
  5995 | D:8      | Found a sand-covered staircase.
  6002 | Ossuary  | Entered an ossuary
  6257 | Ossuary  | Reached *** piety under Cheibriados
  6462 | D:8      | Reached skill level 15 in Long Blades
  6616 | D:8      | Found a shimmering blue altar of Sif Muna.
  6720 | D:8      | Noticed Maurice
  6732 | D:8      | Killed Maurice
  6797 | D:8      | Reached skill level 16 in Long Blades
  6803 | D:8      | Reached XP level 10. HP: 54/70 MP: 10/10
  6911 | D:8      | Found Vutef's General Store.
  6920 | D:8      | Bought a ring of positive energy for 320 gold pieces
  7038 | D:8      | Noticed Gastronok
  7070 | D:8      | Killed Gastronok
  7071 | D:8      | Reached skill level 17 in Long Blades
  7188 | D:8      | Noticed Grum
  7194 | D:8      | Killed Grum
  7437 | D:9      | Found a staircase to the Orcish Mines.
  7471 | D:9      | Reached **** piety under Cheibriados
  7475 | D:9      | Reached skill level 18 in Long Blades
  7674 | D:9      | Reached skill level 5 in Fighting
  7674 | D:9      | Reached XP level 11. HP: 54/79 MP: 11/11
  7800 | D:9      | Reached ***** piety under Cheibriados
  7820 | D:9      | Reached skill level 5 in Shields
  7921 | D:9      | Found a staircase to the Lair.
  8024 | D:10     | Entered Level 10 of the Dungeon
  8024 | D:10     | Noticed Psyche
  8228 | D:10     | Noticed a two-headed ogre
  8234 | D:9      | Killed Psyche
  8247 | D:10     | Killed a two-headed ogre
  8378 | D:10     | Found a transporter.
  8382 | D:10     | Noticed a centaur warrior
  8383 | D:10     | Noticed a manticore
  8384 | D:10     | Noticed a stone giant
  8384 | D:10     | Noticed a deep elf zephyrmancer
  8386 | D:10     | Noticed an obsidian statue
  8610 | D:10     | Reached skill level 5 in Armour
  8737 | D:10     | Found a burning altar of Makhleb.
  8922 | D:10     | Found a transporter.
  9968 | D:11     | Noticed an ogre mage
  9968 | D:11     | Noticed a tengu warrior
  9968 | D:11     | Noticed a deep elf pyromancer
  9980 | D:11     | Killed a tengu warrior
  9983 | D:11     | Killed an ogre mage
  9984 | D:11     | Reached skill level 1 in Evocations
  9986 | D:11     | Killed a deep elf pyromancer
 10034 | D:11     | Noticed a deep troll earth mage
 10034 | D:11     | Noticed an ettin
 10046 | D:11     | Killed an ettin
 10078 | D:11     | Killed a deep troll earth mage
 10079 | D:11     | Reached XP level 12. HP: 82/95 MP: 12/12
 10159 | D:11     | Identified the +1 quarterstaff of the New World {elec,
                  | rElec Int+7 Dex-5 Stlth-}
 10473 | D:11     | Identified the +6 arbalest "Uckirux" {freeze, rElec Int+4
                  | Dex+2}
 10854 | D:12     | Reached skill level 5 in Evocations
 10859 | D:12     | Reached skill level 10 in Fighting
 11058 | D:12     | Found Guots's General Store.
 11068 | D:12     | Bought a potion of might for 56 gold pieces
 11110 | D:12     | Noticed a two-headed ogre
 11111 | D:12     | Noticed Jorgrun
 11115 | D:12     | Killed a two-headed ogre
 11125 | D:12     | Killed Jorgrun
 11216 | D:12     | Found an iron altar of Okawaru.
 11248 | D:12     | Identified the +11 demon whip of Arbitration {flame, rF+
                  | Will+}
 11356 | D:12     | Identified the +1 scimitar of the Boiling Point {drain,
                  | rPois rC+ Dex+2}
 11356 | D:12     | Identified the +5 chain mail "Jyucvics" {Drain *Slow rElec
                  | rPois}
 11356 | D:12     | Identified the +6 broad axe "Killer Klown's Foe" {drain,
                  | Will++ Str+3 Int-4}
 11731 | Lair:1   | Entered Level 1 of the Lair of Beasts
 11731 | Lair:1   | Noticed an eight-headed hydra
 11740 | Lair:1   | Found a white marble altar of Elyvilon.
 12179 | Lair:2   | Reached skill level 1 in Invocations
 12179 | Lair:2   | Reached ****** piety under Cheibriados
 12285 | Lair:2   | Found a staircase to the Snake Pit.
 12287 | Lair:2   | Noticed a four-headed hydra
 12295 | Lair:2   | Killed a five-headed hydra
 12296 | Lair:2   | Gained mutation: You can hop long distances. [Barachi
                  | growth]
 12296 | Lair:2   | Reached XP level 13. HP: 103/108 MP: 4/16
 13216 | Lair:3   | Reached skill level 5 in Invocations
 13274 | Lair:3   | Identified the +1 robe of the Stonemason {+Blink Will+}
 13465 | Lair:3   | Found a staircase to the Swamp.
 14316 | Lair:4   | Found a staircase to the Slime Pits.
 14316 | Lair:4   | Found a viscous altar of Jiyva.
 14846 | Lair:5   | Entered Level 5 of the Lair of Beasts
 15019 | Lair:5   | Reached skill level 19 in Long Blades
 15154 | Lair:5   | Reached XP level 14. HP: 75/115 MP: 18/20
 15158 | Lair:5   | Reached skill level 10 in Armour
 15456 | Lair:5   | Paralysed by a hornet for 2 turns
 16325 | Lair:1   | Reached skill level 1 in Short Blades
 16616 | Lair:1   | Learned a level 2 spell: Blink
 16760 | Lair:1   | Found the +1 robe of Vines {NoPotionHeal Regen++++}
 16952 | Lair:1   | Reached skill level 1 in Translocations
 17258 | D:13     | Noticed Snorg
 17267 | D:13     | Killed Snorg
 17435 | D:13     | Found a frozen archway.
 17439 | IceCv    | Entered an ice cave
 17793 | IceCv    | Slain by a dire elephant simulacrum

Illustrated notes

Levels and vault maps discovered:
D:1:      giann_wishing_wells, layout_loops_ring,
          dreamdust_ecumenical_altar_statues, serial_forest,
          infiniplex_forest_clump_small, infiniplex_forest_3_way,
          infiniplex_forest_clump_tiny, infiniplex_forest_lined_2,
          infiniplex_forest_clump_small
D:2:      minmay_wonky_spiral, layout_rooms, uniq_terence
D:3:      layout_loops_corners, serial_shops, nicolae_shop_bloodbath_and_beyond,
          minmay_misc_feat_square, uniq_robin
D:4:      layout_gridville, gammafunk_ghost_cemetery, serial_co_window_serial,
          co_window_corner_a, co_window_corner_a, co_window_corner_a,
          co_window_corner_a, co_window_of_opportunity_a,
          co_window_unsneaky_path_c, co_window_corner_ca, co_window_corner_cb,
          co_window_unsneaky_path_a
D:5:      layout_loops_ring, chequers_temple_overflow_statue_of_worship,
          hangedman_ru_absence, minmay_temple_entry_mini_moons
D:6:      layout_rooms, mainiacjoe_overflow_six_doors_small,
          nicolae_gozag_cash_rules_everything_around_me, uniq_grinder
D:7:      layout_gridville, mainiacjoe_overflow_surrounded_room
D:8:      layout_basic, led_sif_pool, nicolae_ossuary_entry_giza, serial_shops,
          nicolae_shop_advertising_works [nicolae_subvault_shop_adworks],
          kennysheep_dice, uniq_grum, uniq_maurice, uniq_gastronok
D:9:      layout_gridville, erik_lair_island, orc_0_dummy, grunt_decor_junction,
          corexii_corridor_pit
D:10:     gammafunk_sealed_arena, layout_layer_cave, general_overflow_altar,
          uniq_psyche
D:11:     minmay_shrinking_squares, layout_basic
D:12:     evilmike_iron_armoury, layout_gridville, serial_shops,
          nicolae_lakefront_shop, uniq_jorgrun, uniq_azrael
D:13:     layout_stronghold, erik_vaults_1, portal_ice_cave_entry_pillars_2,
          hangedman_abyss_or_decor_stabs, uniq_snorg
Temple:   minmay_temple_curvy_branch
Lair:1:   layout_loops_ring, basic_altar, hellmonk_guarded_unrand_vines,
          serial_bayou_shore_b
Lair:2:   layout_layer_cave, guppyfry_snake_entry_island
Lair:3:   layout_big_grid, minmay_swamp_entry_swarm, st_stairs_11
Lair:4:   layout_roguey, slime_entry_1, evilmike_ambush
          [evilmike_ambush_outer_basic, evilmike_ambush_inner_basic],
          serial_bayou_shore_b
Lair:5:   minmay_lair_end_enchanted_forest, layout_cave_pods
IceCv:    ice_cave_caverns_03

Skill      XL: |  1  2  3  4  5  6  7  8  9 10 11 12 13 14 |
---------------+-------------------------------------------+-----
Long Blades    | 3 4 5 6 7 8 10 13 16 18 19 | 19.6
Fighting       | 5 9 12 | 12.0
Shields        | 4 5 6 8 |  8.6
Armour         | 8 9 11 | 11.7
Evocations     | 4 8 |  8.0
Invocations    | 4 8 |  8.0
Short Blades   | 3 |  3.6
Translocations | 2 |  2.0

Action                   |  1- 3 |  4- 6 |  7- 9 | 10-12 | 13-15 || total
-------------------------+-------+-------+-------+-------+-------++-------
Melee: Long sword        |    86 |   264 |    58 |       |       ||   408
       Scimitar          |       |       |   271 |   450 |   365 ||  1086
       Rapier            |       |       |       |       |   253 ||   253
Invok: Slouch            |       |       |       |     2 |     8 ||    10
       Temporal Distorti |       |       |       |     2 |       ||     2
 Abil: Hop               |       |     1 |     1 |     3 |       ||     5
Evoke: Wand              |       |       |     4 |       |    10 ||    14
  Use: Potion            |     1 |       |     1 |    10 |       ||    12
       Scroll            |       |       |     9 |     8 |    11 ||    28
 Stab: Paralysed         |       |       |     4 |       |     2 ||     6
       Petrified         |       |       |       |       |     1 ||     1
Armor: Scale mail        |    50 |       |   139 |   221 |   134 ||   544
       Ring mail         |     8 |   123 |       |       |       ||   131
       Plate armour      |       |       |       |       |   156 ||   156
Dodge: Dodged            |    44 |   109 |   117 |   188 |   162 ||   620
       Repelled          |       |       |       |       |     2 ||     2
Block: Buckler           |    29 |    47 |    54 |   142 |    49 ||   321
       Kite shield       |       |       |       |       |   267 ||   267

Table legend: (Time is in decaauts)
 A = Elapsed time spent in this place.
 B = Non-inter-level travel time spent in this place.
 C = Inter-level travel time spent in this place.
 D = Time resting spent in this place.
 E = Time spent auto-exploring this place.
 F = Levels seen in this place.
 G = Mean time per level.
                   A        B        C        D        E       F      G
               +--------+--------+--------+--------+--------+-----+--------+
         Total |  28982 |  27201 |   1781 |   2428 |  19231 |  21 | 1380.1 |
       Dungeon |  17350 |  16267 |   1083 |   1716 |  10854 |  13 | 1334.6 |
        Temple |    103 |     68 |     35 |      0 |     46 |   1 |  103.0 |
          Lair |  10436 |   9774 |    662 |    508 |   7747 |   5 | 2087.2 |
       Ossuary |    630 |    630 |      0 |     38 |    396 |   1 |  630.0 |
      Ice Cave |    462 |    462 |      0 |    166 |    186 |   1 |  462.0 |
               +--------+--------+--------+--------+--------+-----+--------+

Top non-repeatable levels by time:
  Lair:2: 2964 daAuts
    D:11: 2422 daAuts
  Lair:5: 2406 daAuts
    D:10: 2383 daAuts
     D:9: 1872 daAuts
     D:8: 1759 daAuts
  Lair:1: 1714 daAuts
  Lair:4: 1702 daAuts
  Lair:3: 1648 daAuts
     D:5: 1468 daAuts
    D:12: 1449 daAuts
     D:3: 1321 daAuts
     D:7: 1153 daAuts
     D:1: 994 daAuts
     D:4: 990 daAuts
